Map: King's Cove LE

Players

PtitDrogo

  • Race: Protoss Protoss
  • League: Grandmaster
  • Spawn Location: 5:00

Serral - Winner!

  • Race: Zerg Zerg
  • League: Master
  • Spawn Location: 11:00

Event: 2019 WCS Winter Europe

VOD

Have the link to the VOD?

Description

Time

  • Played on: March 23, 2019, 9:39 a.m.
  • Length: 10:19

All games in this series

Show
View Real Time Build Order
Export as new Build Order

PtitDrogo Protoss 

Build Orders: 1 Gate Expand, Oracle Opening, Zealot Archon, Archon Drop 

Get SALT Encoding   

  12  0:00  Probe  
  13  0:12  Probe  
  14  0:19  Pylon  
  14  0:24  Probe  
  15  0:34  Probe  
  15  0:35  Assimilator  
  16  0:43  Probe  
  16  0:45  Gateway  
  17  0:51  Probe  
  18  1:03  Probe  
  19  1:16  Probe  
  20  1:25  Nexus  
  20  1:35  Cybernetics Core  
  20  1:39  Probe  
  21  1:43  Assimilator  
  21  1:51  Probe  
  22  1:54  Pylon  
  22  2:02  Adept  
  22  2:03  Probe  
  23  2:15  Probe  
  26  2:17  Stargate  
  26  2:23  Stalker  
  26  2:27  Warp Gate  
  26  2:28  Probe  
  27  2:33  Probe  
  29  2:40  Probe  
  29  2:41  Probe  
  32  2:51  Probe  
  32  2:52  Oracle, Probe  
  34  3:03  Probe  
  34  3:04  Probe  
  39  3:12  Pylon  
  39  3:15  Probe  
  39  3:16  Probe  
  41  3:22  Robotics Facility  
  41  3:27  Probe  
  41  3:28  Probe  
  41  3:31  Assimilator  
  41  3:33  Assimilator  
  43  3:38  Gateway  
  43  3:40  Probe x2  
  45  3:47  Twilight Council  
  45  3:53  Probe  
  45  3:54  Probe  
  47  3:59  Pylon  
  47  4:03  Gateway x2  
  47  4:05  Warp Prism  
  47  4:06  Probe  
  48  4:11  Probe  
  51  4:18  Probe  
  52  4:26  Templar Archives  
  52  4:34  Probe  
  52  4:35  Pylon  
  52  4:37  Zealot  
  55  4:41  Observer  
  56  4:49  Nexus  
  56  4:52  Probe x2  
  58  4:54  Pylon  
  58  4:57  Pylon  
  58  5:08  Forge, Probe  
  58  5:09  Probe  
  60  5:15  High Templar x4  
  60  5:19  Archon x2  
  60  5:20  Probe  
  60  5:21  Probe  
  70  5:23  Immortal  
  70  5:34  Gateway  
  74  5:36  Gateway  
  74  5:37  Protoss Ground Weapons Level 1  
  74  5:38  Probe  
  74  5:39  Probe  
  76  5:49  Stalker  
  72  5:50  Probe x2  
  74  5:58  Probe  
  74  5:59  Probe x2  
  74  6:01  Charge  
  77  6:06  Probe  
  77  6:07  Immortal, Probe x2  
  84  6:16  Assimilator, Probe  
  84  6:17  Probe x2  
  85  6:18  Assimilator  
  85  6:21  Sentry  
  89  6:28  Probe  
  89  6:29  Probe x2, Pylon  
  92  6:34  Gateway x2  
  92  6:39  Immortal  
  92  6:45  Zealot  
  92  6:46  High Templar  
  100  6:47  High Templar  
  100  6:48  Zealot x2  
  100  6:51  Archon  
  100  6:53  Pylon  
  106  6:55  Pylon  
  106  7:03  Gateway  
  106  7:05  Gateway  
  106  7:07  Photon Cannon  
  106  7:09  Photon Cannon, Warp Prism  
  106  7:11  Photon Cannon  
  106  7:13  Probe  
  107  7:18  High Templar x2  
  113  7:25  Phoenix  
  108  7:31  Archon  
  108  7:32  Stalker x3  
  114  7:39  Stalker  
  114  7:40  Probe  
  114  7:41  Probe x2  
  115  7:47  Protoss Ground Weapons Level 2  
  114  7:52  Probe  
  114  7:53  Probe x2  
  117  8:04  Probe  
  118  8:07  Zealot x3  
  124  8:17  Pylon  
  124  8:18  Probe  
  124  8:19  Pylon  
  121  8:20  Photon Cannon, Pylon  
  121  8:21  Stalker x2  
  121  8:23  Photon Cannon  
  105  8:36  Zealot x6  
  105  8:38  Probe  
  114  8:42  Pylon  
  114  8:45  Stalker  
  108  8:59  Stalker x2  
  108  9:00  Probe  
  96  9:04  Zealot x2  
Show
View Real Time Build Order
Export as new Build Order

Serral Zerg - Winner!

Build Orders: Hatch First 

Get SALT Encoding   

  12  0:00  Drone  
  13  0:13  Overlord  
  13  0:18  Drone  
  14  0:31  Drone x2  
  16  0:49  Hatchery  
  15  0:52  Drone  
  15  0:56  Drone  
  17  1:00  Drone  
  18  1:10  Extractor  
  17  1:15  Spawning Pool  
  17  1:18  Drone  
  17  1:22  Drone  
  18  1:28  Drone  
  19  1:39  Drone  
  20  1:50  Drone  
  21  2:00  Overlord  
  21  2:01  Queen x2  
  21  2:02  Zergling x2  
  26  2:11  Metabolic Boost  
  26  2:12  Drone  
  26  2:14  Drone  
  28  2:22  Drone x2  
  30  2:39  Hatchery  
  30  2:41  Overlord  
  29  2:44  Drone  
  29  2:46  Drone  
  31  2:52  Queen  
  31  2:56  Drone  
  31  2:57  Drone  
  35  3:00  Zergling x2  
  36  3:07  Spore Crawler  
  36  3:09  Drone x2  
  36  3:10  Drone x2  
  40  3:13  Drone  
  41  3:20  Overlord  
  41  3:21  Drone x2  
  41  3:23  Drone  
  44  3:32  Lair  
  44  3:35  Overlord  
  44  3:38  Queen  
  46  3:41  Spore Crawler  
  46  3:42  Drone  
  46  3:47  Overlord  
  46  3:51  Drone  
  46  3:52  Queen  
  49  3:55  Drone  
  49  3:56  Drone  
  49  3:59  Spore Crawler  
  49  4:00  Drone  
  49  4:02  Drone  
  51  4:03  Drone  
  51  4:07  Spore Crawler  
  51  4:09  Drone x2  
  53  4:12  Drone  
  53  4:13  Drone  
  53  4:14  Drone  
  56  4:18  Drone x2  
  56  4:24  Drone x3  
  60  4:25  Drone  
  60  4:28  Spore Crawler  
  59  4:33  Roach Warren  
  59  4:37  Extractor  
  58  4:38  Extractor, Overseer  
  58  4:40  Drone x3  
  58  4:42  Drone x2  
  62  4:46  Overlord  
  62  4:49  Zergling x6  
  62  4:51  Drone  
  66  4:58  Overlord  
  65  5:02  Overlord  
  65  5:06  Zergling x8  
  69  5:10  Drone x2  
  69  5:13  Roach  
  73  5:14  Overlord  
  73  5:17  Roach x2, Extractor  
  73  5:20  Spire  
  75  5:24  Roach x3  
  81  5:30  Roach x2  
  81  5:32  Extractor, Drone x2  
  81  5:33  Extractor, Drone  
  81  5:34  Drone  
  81  5:35  Drone  
  88  5:36  Drone  
  88  5:37  Drone  
  90  5:46  Drone  
  90  5:47  Drone x5  
  92  5:50  Overlord  
  92  5:53  Evolution Chamber  
  91  5:59  Overseer, Drone x2  
  91  6:01  Drone x3  
  96  6:05  Overlord  
  96  6:07  Overlord  
  96  6:10  Overlord  
  96  6:17  Overseer  
  96  6:25  Zerg Missile Weapons Level 1  
  96  6:32  Hatchery  
  95  6:34  Mutalisk x6  
  95  6:35  Mutalisk  
  109  6:42  Zergling x16  
  109  6:46  Overlord x2  
  117  6:48  Overlord  
  117  6:50  Glial Reconstitution  
  117  7:04  Overlord  
  117  7:05  Roach x7  
  131  7:09  Overlord  
  131  7:13  Roach x3  
  137  7:20  Roach x4  
  137  7:21  Roach  
  146  7:31  Roach x5  
  156  7:39  Roach x6  
  168  7:47  Overlord x3  
  168  7:53  Ravager  
  168  7:54  Ravager x6  
  175  8:11  Roach x11  
  195  8:14  Roach x2  
  193  8:20  Roach x3  
  197  8:36  Roach  
  197  8:40  Overlord  
  199  8:47  Hydralisk Den  
  198  8:58  Roach x4  
  198  9:00  Roach  
  191  9:04  Extractor  
  191  9:05  Roach x8  
  191  9:07  Extractor  
Tags
 
Add a new tag
Caveats
  • Supply blocks, unpowered buildings, or Contaminate may cause inaccurate times.
  • Supply counts are checked every 10 seconds.